 Dungeon Crawl Stone Soup version 0.30-a0-883-g5ad918d77d (webtiles) character file.

Game seed: 3204524801258497210

9520 Sanktem7 the Cleaver (level 11, -16/99 HPs)
             Began as a Minotaur Fighter on Mar 16, 2023.
             Was a High Priest of Okawaru.
             Hit by a large rock thrown by a cyclops (35 damage)
             ... on level 9 of the Dungeon.
             The game lasted 00:18:12 (8304 turns).

Sanktem7 the Cleaver (Minotaur Fighter)             Turns: 8304, Time: 00:18:12

Health: -16/99     AC: 14    Str: 25    XL:     11   Next: 24%
Magic:  0/13       EV: 15    Int:  5    God:    Okawaru [*****.]
Gold:   554        SH:  6    Dex: 10    Spells: 10/10 levels left

rFire   + + .      SeeInvis .    a - +1 war axe (protect) {axe}
rCold   + . .      Faith    .    c - +0 buckler
rNeg    . . .      Spirit   +    s - +4 ring mail {rF+}
rPois   .          Reflect  .    L - +1 hat
rElec   .          Rampage  .    x - scarf {rC+ rF+}
rCorr   .                        o - +1 pair of gloves
Will    .....                    (no boots) Stlth
                                 f - amulet of guardian spirit
HPRegen 0.36/turn                D - +5 ring of evasion
MPRegen 0.13/turn                H - ring of flight

@: flying
A: horns 2, retaliatory headbutt
a: Renounce Religion, Heroism, Finesse, Duel


You were on level 9 of the Dungeon.
You worshipped Okawaru.
Okawaru was extremely pleased with you.
You visited 1 branch of the dungeon, and saw 9 of its levels.
You also visited: Ossuary.

You collected 554 gold pieces.


Innate Abilities, Weirdness & Mutations

You have a pair of horns on your head.
You reflexively headbutt those who attack you in melee.


   Skills:
 + Level 9.7 Fighting
 * Level 13.0 Axes
 + Level 9.9 Armour
 + Level 9.7 Shields
 - Level 5.0 Invocations


You had 10 spell levels left.
You didn't know any spells.
Your spell library contained the following spells:

 Spells                   Type           Power      Damage    Failure   Level
 Magic Dart               Conj           0%         1d3       67%         1
 Cigotuvi's Dreadful Rot  Necr/Pois/Air  0%         N/A       80%         2
 Ensorcelled Hibernation  Hex/Ice        0%         N/A       80%         2
 Poisonous Vapours        Pois/Air       0%         N/A       80%         2
 Searing Ray              Conj           0%         2d4       80%         2
 Gell's Gravitas          Tloc           0%         N/A       95%         3
 Mephitic Cloud           Conj/Pois/Air  0%         N/A       95%         3
 Spider Form              Tmut/Pois      0%         N/A       95%         3
 Teleport Other           Tloc           0%         N/A       95%         3
 Anguish                  Hex/Necr       0%         N/A       100%        4
 Fulminant Prism          Conj/Hex       0%         3d5       100%        4
 Passage of Golubria      Tloc           0%         N/A       100%        4
 Yara's Violent Unravell  Hex/Tmut       0%         3d3       100%        5
 Dispersal                Tloc           0%         N/A       100%        6
 Call Imp                 Summ           Unusable   N/A       N/A         2
 Tukima's Dance           Hex            Unusable   N/A       N/A         3

Inventory:

Hand Weapons
 a - a +1 war axe of protection (weapon) {axe}
 w - the +5 mace "Ukhaeqin" {flame, rC+ Int+4, mace}
   (You found it on level 6 of the Dungeon)

   Int:       It affects your intelligence (+4).
   rC:        It protects you from cold.
Missiles
 e - 107 stones {throwing}
 B - 6 javelins {throwing}
 F - 12 poisoned darts (quivered) {throwing}
Armour
 c - a +0 buckler (worn)
 i - a +0 chain mail
   (You found it on level 1 of the Dungeon)
 o - a +1 pair of gloves (worn)
   (You found it on level 1 of the Dungeon)
 s - a +4 ring mail of fire resistance (worn)
   (You took it off Edmund on level 6 of the Dungeon)
 x - a scarf of resistance (worn)
   (You found it on level 3 of the Dungeon)
 L - a +1 hat (worn)
   (You took it off Gastronok on level 8 of the Dungeon)
Jewellery
 f - an amulet of guardian spirit (around neck)
   (You found it on level 1 of the Dungeon)
 D - a +5 ring of evasion (left hand)
   (You found it on level 5 of the Dungeon)
 H - a ring of flight (right hand)
   (You found it on level 7 of the Dungeon)
Wands
 j - a wand of mindburst (15)
   (You took it off Maggie on level 7 of the Dungeon)
 u - a wand of iceblast (9)
   (You found it on level 3 of the Dungeon)
 z - a wand of acid (9)
   (You found it on level 8 of the Dungeon)
 G - a wand of flame (13)
   (You found it on level 7 of the Dungeon)
Scrolls
 g - a scroll of blinking {!r}
 k - 3 scrolls of teleportation {@r4}
 l - 5 scrolls of fog
 q - 3 scrolls of butterflies
 t - 5 scrolls of poison {!r}
 v - 2 scrolls of immolation {!r!r}
 y - a scroll of silence {unknown}
 I - a scroll of torment {unknown}
 K - 2 scrolls of identify {@r1}
 N - a scroll of acquirement {unknown}
Potions
 b - a potion of mutation {!q}
 d - 5 potions of might
 h - a potion of magic {unknown}
 m - 4 potions of curing {@q1}
 n - a potion of cancellation
 p - a potion of resistance {unknown}
 r - 7 potions of lignification {!q}
 A - 3 potions of attraction {!q}
 C - a potion of berserk rage {!q}
 E - a potion of degeneration {unknown}
 J - a potion of brilliance
 M - a potion of haste {unknown}

Dungeon Overview and Level Annotations

Branches:
Dungeon (9/15) Zot: 26875  Temple (0/1) D:6         Ossuary (visited)
   Lair: D:8-11         Orc: D:9-12

Altars:
Cheibriados
Elyvilon
Gozag
Hepliaklqana
Makhleb
Nemelex Xobeh
Okawaru
Ru
Trog
Uskayaw
Xom
Zin
The Shining One

######## #.# #..# #.# #..# ..#
#..# #.# #..# . #.# #..# #. ##.#
#..# #.# ##)†#####..############
.. ##.....@................
..###.###)...#..################
......(cC.#.##..# #
.######..O..##>.# # ########..#
# #..# #
######..################
........................
............############


You could see a cyclops.


Message History

😨 HP[+1] MP[+1]
You slice the vampire mosquito!!
You destroy the vampire mosquito!
Okawaru accepts your kill.
You hear some strange, mumbled words.
A fireball appears from out of thin air!
The fireball explodes!
The fireball engulfs you. You resist.
* * * LOW HITPOINT WARNING * * *
The fireball engulfs something!
You hear a shout! 😨 HP[-1]
You take 1 damage, and now have 32/97 hp.
You barely miss something. You headbutt something.
Something hits you but does no damage. 😨 HP[+1]
You hit something. Your headbutt misses something.
You block something's attack.
You barely miss something. You barely miss something.
Your headbutt misses something. Something hits you but does no damage.
You miss something.
You hear some strange, mumbled words.
Something tries to affect you, but you resist. 😨 HP[+1]
You slash something!
You hear some strange, mumbled words.
A fireball appears from out of thin air!
The fireball explodes!
The fireball engulfs you. You resist.
* * * LOW HITPOINT WARNING * * *
The fireball engulfs something!!
Reactivating autopickup.
You feel a bit more experienced.
A howler monkey comes into view. 😨 HP[-5]
You now have 99 max hp (+2).
You take 5 damage, and now have 29/99 hp.
The cyclops hits you but does no damage. 😨 MP[+1]
You slash the cyclops!
A wraith comes into view.
The cyclops misses you.
You hit the cyclops. 😨 HP[+1]
You hit the cyclops. You block the cyclops's attack.
You slash the cyclops! You headbutt the cyclops!
The howler monkey hoots and howls with incredible vigour!
You hear a shout!
You hear a loud, deep croak!
You hear a shout!
You hear a roar! x2
You slash the cyclops! You headbutt the cyclops.
You kill the cyclops!
Okawaru accepts your kill.
Your Axes skill increases to level 13! 😨 HP[+1]
You hit the howler monkey but do no damage.
Your headbutt misses the howler monkey. The howler monkey closely misses you.
You closely miss the howler monkey. Your headbutt misses the howler monkey.
The howler monkey hits you but does no damage.
You slice the howler monkey!!
You hear an angry hiss.
You block the howler monkey's attack.
A centaur comes into view.
A cyclops comes into view.
You closely miss the howler monkey. Your headbutt misses the howler monkey.
The howler monkey hits you.
* * * LOW HITPOINT WARNING * * *
The howler monkey closely misses you. 😨 HP[-1] MP[+1]
You take 1 damage, and now have 30/99 hp.
You slash the howler monkey!
You kill the howler monkey!
Okawaru accepts your kill.
You hit the cyclops.
A two-headed ogre comes into view.
It is wielding a +0 giant club and a +0 giant spiked club.
The cyclops hits you but does no damage.
You barely miss the cyclops. You headbutt the cyclops. 😨 HP[+1]
You hit the cyclops but do no damage. You headbutt the cyclops.
The cyclops hits you!!
* * * LOW HITPOINT WARNING * * *
😱 HP[-16] MP[-4]
You take 16 damage, and now have 15/99 hp.
You lost 4 mp, and now have 3/13 mp.
You slash the cyclops!
The cyclops hits you but does no damage.
You hit the cyclops.
Your headbutt misses the cyclops. 😱 HP[+1]
You slash the cyclops!
The cyclops hits you but does no damage.
You hit the cyclops but do no damage.
You headbutt the cyclops, but do no damage.
The cyclops closely misses you. 😱 MP[+1] 😱 HP[+1]
The cyclops throws a large rock.
The large rock completely misses you.
Things that are here:
a +0 dagger {short}; a +0 robe; a ring of positive energy 😱 HP[+1]
The cyclops throws a large rock.
The large rock barely misses you. 😱 HP[+1]
The cyclops throws a large rock.
The large rock hits you!!!
You die...

Skill      XL: |  1  2  3  4  5  6  7  8  9 10 11 |
---------------+----------------------------------+-----
Axes           | 3 5 6 7 9 10 12 13 | 13.0
Fighting       | 4 5 6 7 8 9 |  9.7
Armour         | 4 5 6 7 8 9 |  9.9
Shields        | 4 5 6 7 8 9 |  9.7
Invocations    | 3 4 5 |  5.0

Action                     |  1- 3 |  4- 6 |  7- 9 | 10-12 || total
---------------------------+-------+-------+-------+-------++-------
  Melee: War axe           |    52 |    74 |   270 |   185 ||   581
         Headbutt          |     4 |    13 |    46 |    43 ||   106
  Throw: Stone             |       |       |       |     2 ||     2
         Dart              |       |       |       |     1 ||     1
  Evoke: Wand              |       |       |       |     1 ||     1
    Use: Scroll            |       |       |    18 |     2 ||    20
         Potion            |       |       |       |     5 ||     5
 Armour: Scale mail        |     6 |       |       |       ||     6
         Chain mail        |    16 |    44 |    32 |       ||    92
         Ring mail         |       |       |    44 |    88 ||   132
  Dodge: Dodged            |    15 |    19 |   157 |    89 ||   280
  Block: Buckler           |    12 |    17 |    79 |    36 ||   144

Levels and vault maps discovered:
D:1:      scummos_arrival_simple_fountains, layout_loops_ring
D:2:      layout_basic, hangedman_decor_points, uniq_jessica
D:3:      layout_basic, mainiacjoe_overflow_chevrons, uniq_sigmund
D:4:      layout_basic, grunt_temple_overflow_open,
          mainiacjoe_overflow_concentric_impassable, elyvilon_altar_5,
          minmay_door_square, minmay_statues_item, item_on_display_a
D:5:      layout_rooms, kennysheep_nub, uniq_eustachio, uniq_prince_ribbit1,
          uniq_duvessa
D:6:      layout_rooms, okawaru_altar_gauntlet_db, nicolae_ru_path_of_blood,
          minmay_temple_entry_large_hall, enter_ossuary_3, serial_curves,
          eino_curves_01, eino_curves_02, eino_curves_01, serial_bayou_pond_e,
          hangedman_decor_push, uniq_edmund
D:7:      layout_loops_ring, bloody_makhleb, serial_glass, glass_columns_a,
          glass_columns_a, dk_vineyard_2, chequers_avenue,
          palyth_stone_intersect, minmay_three_doors, uniq_pikel, uniq_maggie
D:8:      layout_basic, uniq_gastronok, uniq_erica
D:9:      minmay_the_grid_octo_2x2 [minmay_the_grid_octo_pinwheel,
          minmay_the_grid_octo_toaster, minmay_the_grid_octo_shrine,
          minmay_the_grid_octo_prize_ultimate_mussel_roller], layout_long_grid,
          uniq_harold

Notes
Turn   | Place    | Note
-------+----------+-------------------------------------------
     0 | D:1      | Sanktem7 the Minotaur Fighter began the quest for the Orb.
     0 | D:1      | Reached XP level 1. HP: 19/19 MP: 0/0
     0 | D:1      | magus.rc [v1.9.6]
   162 | D:1      | Reached XP level 2. HP: 27/27 MP: 1/1
   335 | D:1      | Reached skill level 3 in Axes
   846 | D:2      | Noticed Jessica
   853 | D:2      | Killed Jessica
   854 | D:2      | Reached skill level 4 in Fighting
   854 | D:2      | Reached skill level 4 in Armour
   854 | D:2      | Reached skill level 4 in Shields
   854 | D:2      | Reached XP level 3. HP: 33/33 MP: 2/2
   855 | D:2      | You add the spells Gell's Gravitas, Teleport Other and
                  | Dispersal to your library.
  1300 | D:2      | Reached XP level 4. HP: 40/40 MP: 3/3
  1705 | D:3      | Reached skill level 4 in Axes
  1881 | D:3      | You pick up a book of Vapours and begin reading...
  1881 | D:3      | You add the spells Poisonous Vapours, Cigotuvi's Dreadful
                  | Rot and Mephitic Cloud to your library.
  1900 | D:3      | Noticed Sigmund
  1909 | D:3      | Killed Sigmund
  1910 | D:3      | Reached skill level 5 in Axes
  1910 | D:3      | Reached XP level 5. HP: 37/47 MP: 2/4
  1910 | D:3      | Reached XP level 6. HP: 44/55 MP: 2/5
  2130 | D:3      | Found a sparkling altar of Nemelex Xobeh.
  2456 | D:4      | Found a white marble altar of Elyvilon.
  2480 | D:4      | Reached skill level 5 in Fighting
  2480 | D:4      | Reached skill level 5 in Armour
  2480 | D:4      | Reached skill level 5 in Shields
  2556 | D:4      | You add the spells Tukima's Dance, Passage of Golubria and
                  | Yara's Violent Unravelling to your library.
  2700 | D:4      | Found an opulent altar of Gozag.
  2707 | D:4      | Found a hazy altar of Hepliaklqana.
  2707 | D:4      | Found a snail-covered altar of Cheibriados.
  2708 | D:4      | Found a shimmering altar of Xom.
  2708 | D:4      | Found a glowing silver altar of Zin.
  2708 | D:4      | Found a glowing golden altar of the Shining One.
  2708 | D:4      | Found a bloodstained altar of Trog.
  2748 | D:4      | You pick up a book of Dreams and begin reading...
  2748 | D:4      | You add the spells Ensorcelled Hibernation, Spider Form and
                  | Anguish to your library.
  2833 | D:4      | Found a hide-covered altar of Uskayaw.
  2875 | D:5      | Entered Level 5 of the Dungeon
  2875 | D:5      | Noticed Eustachio
  3128 | D:4      | Reached skill level 6 in Axes
  3128 | D:4      | Reached XP level 7. HP: 22/61 MP: 1/6
  3384 | D:5      | Noticed Prince Ribbit
  3530 | D:5      | Killed Prince Ribbit
  3531 | D:5      | Reached skill level 6 in Fighting
  3531 | D:5      | Reached skill level 7 in Axes
  3531 | D:5      | Reached skill level 6 in Armour
  3531 | D:5      | Reached skill level 6 in Shields
  3723 | D:5      | Noticed Dowan
  3726 | D:5      | Noticed Duvessa
  3731 | D:5      | Reached XP level 8. HP: 65/70 MP: 7/7
  3731 | D:5      | Killed Dowan
  3801 | D:5      | Reached skill level 8 in Axes
  3812 | D:5      | Killed Duvessa
  3982 | D:5      | You pick up a book of Minor Magic and begin reading...
  3982 | D:5      | You add the spells Magic Dart and Call Imp to your library.
  4165 | D:5      | Killed Eustachio
  4166 | D:5      | Reached skill level 7 in Armour
  4443 | D:6      | Reached skill level 7 in Fighting
  4443 | D:6      | Reached skill level 9 in Axes
  4443 | D:6      | Reached skill level 7 in Shields
  4450 | D:6      | Noticed Edmund
  4474 | D:6      | Killed Edmund
  4534 | D:6      | Found an iron altar of Okawaru.
  4549 | D:6      | Became a worshipper of Warmaster Okawaru
  4601 | D:6      | Reached XP level 9. HP: 72/79 MP: 5/8
  4676 | D:6      | Found a staircase to the Ecumenical Temple.
  4739 | D:6      | Identified the +5 mace "Ukhaeqin" {flame, rC+ Int+4}
  4945 | D:6      | Reached skill level 1 in Invocations
  4966 | D:6      | Found a sand-covered staircase.
  4980 | Ossuary  | Entered an ossuary
  5097 | Ossuary  | Reached * piety under Okawaru
  5221 | D:6      | Found a sacrificial altar of Ru.
  5483 | D:7      | Reached skill level 10 in Axes
  5525 | D:7      | Noticed Pikel
  5540 | D:7      | Killed Pikel
  5541 | D:7      | Reached skill level 8 in Fighting
  5541 | D:7      | Reached skill level 8 in Armour
  5541 | D:7      | Reached skill level 2 in Invocations
  5590 | D:7      | Reached skill level 8 in Shields
  5949 | D:7      | Noticed Maggie
  5961 | D:7      | Killed Maggie
  5961 | D:7      | Reached ** piety under Okawaru
  5962 | D:7      | Reached skill level 3 in Invocations
  6099 | D:7      | Found a burning altar of Makhleb.
  6115 | D:7      | Reached XP level 10. HP: 89/89 MP: 11/11
  6190 | D:7      | Reached skill level 11 in Axes
  6459 | D:7      | Noticed a centaur warrior
  6470 | D:7      | Killed a centaur warrior
  6470 | D:7      | Reached *** piety under Okawaru
  6628 | D:8      | HP: 22/90 [something (3)]
  6633 | D:8      | HP: 10/90 [something (3)]
  6796 | D:8      | Noticed a two-headed ogre
  6804 | D:8      | Killed a two-headed ogre
  6804 | D:8      | Reached **** piety under Okawaru
  6805 | D:8      | Reached skill level 9 in Fighting
  6805 | D:8      | Reached skill level 9 in Armour
  6805 | D:8      | Reached skill level 9 in Shields
  6805 | D:8      | Reached skill level 4 in Invocations
  7097 | D:8      | You pick up a book of Conjurations {@e2} and begin
                  | reading...
  7097 | D:8      | You add the spells Searing Ray and Fulminant Prism to your
                  | library.
  7168 | D:8      | Noticed Erica
  7176 | D:8      | Noticed Gastronok
  7540 | D:8      | Killed Gastronok
  7541 | D:8      | Reached skill level 12 in Axes
  7854 | D:8      | Killed Erica
  7855 | D:8      | Reached XP level 11. HP: 84/97 MP: 10/13
  8253 | D:9      | Noticed a centaur warrior
  8265 | D:9      | Noticed a wizard
  8266 | D:9      | Killed a centaur warrior
  8266 | D:9      | Reached ***** piety under Okawaru
  8267 | D:9      | Reached skill level 5 in Invocations
  8270 | D:9      | Noticed a white ugly thing
  8278 | D:9      | Killed a wizard
  8285 | D:9      | Reached skill level 13 in Axes
  8290 | D:9      | Noticed a two-headed ogre
  8292 | D:9      | HP: 15/99 [cyclops (16)]
  8304 | D:9      | Hit by a large rock thrown by a cyclops

Vanquished Creatures
  Gastronok (D:8)
  Erica (D:8)
  2 centaur warriors
  A two-headed ogre (D:8)
  Pikel (D:7)
  A cyclops (D:9)
  Maggie (D:7)
  Prince Ribbit (D:5)
  A hornet (D:7)
  A slime creature (D:7)
  Sigmund (D:3)
  A vampire (D:7)
  2 wraiths (D:7)
  Eustachio (D:5)
  A steam dragon (D:8)
  A vampire mosquito (D:9)
  Edmund (D:6)
  A water moccasin (D:8)
  Duvessa (D:5)
  A black bear (D:6)
  2 orc warriors
  2 sky beasts
  An ice beast (D:5)
  2 ogres
  2 centaurs
  2 lemures (D:7)
  A phantom (D:5)
  4 bullfrogs
  5 scorpions
  A gnoll sergeant (D:5)
  A water moccasin zombie (Ossuary)
  Dowan (D:5)
  9 killer bees
  2 howler monkeys
  A human zombie (D:6)
  2 hounds (D:5)
  2 jellies
  4 orc priests
  Jessica (D:2)
  7 orc wizards
  2 mummies (Ossuary)
  4 gnolls
  3 adders
  A white imp (D:6)
  4 adder zombies (Ossuary)
  A worm (D:3)
  4 dart slugs
  24 orcs
  5 endoplasms
  9 goblins
  5 hobgoblins
  2 jackals (D:1)
  7 kobolds
  4 quokkas
  4 ball pythons
  4 bats
  A frilled lizard (D:1)
  4 gnoll zombies (Ossuary)
  A hobgoblin zombie (Ossuary)
  8 kobold zombies (Ossuary)
  7 orc zombies
  7 rats
185 creatures vanquished.

Vanquished Creatures (others)
  A wizard (D:9)
1 creature vanquished.

Grand Total: 186 creatures vanquished

Table legend:
 A = Non-vault XP
 B = Vault XP
 C = Vault XP percentage of total XP
 D = Non-vault monster count
 E = Vault monster count
 F = Vault count percentage of total count
                 A         B        C        D         E       F
            +---------+---------+-------+---------+---------+-------
      Total |    5484 |    8117 |  59.7 |     130 |      54 |  29.3
            +---------+---------+-------+---------+---------+-------
        D:1 |      31 |       0 |   0.0 |      17 |       0 |   0.0
        D:2 |      33 |      37 |  52.9 |      12 |       1 |   7.7
        D:3 |      92 |     223 |  70.8 |      22 |       1 |   4.3
        D:4 |     347 |       0 |   0.0 |      13 |       0 |   0.0
        D:5 |     922 |     701 |  43.2 |      23 |       4 |  14.8
        D:6 |     759 |     224 |  22.8 |      14 |       9 |  39.1
        D:7 |    1504 |    2402 |  61.5 |      15 |       5 |  25.0
        D:8 |    1411 |    2375 |  62.7 |       8 |       2 |  20.0
        D:9 |     385 |    2004 |  83.9 |       6 |       6 |  50.0
    Ossuary |       0 |     151 | 100.0 |       0 |      26 | 100.0
            +---------+---------+-------+---------+---------+-------

Illustrated notes

Table legend:
 A = Kills in this place as a percentage of kills in the entire game.
 B = Kills by you in this place as a percentage of kills by you in the entire game.
 C = Kills by friends in this place as a percentage of kills by friends in the entire game.
 D = Other kills in this place as a percentage of other kills in the entire game.
 E = Experience gained in this place as a percentage of experience gained in the entire game.
 F = Experience gained in this place divided by the number of levels of this place that you have seen.
                   A       B       C       D       E      F
               +-------+-------+-------+-------+-------+----------------------
         Total | 100.0 | 100.0 |   N/A | 100.0 | 100.0 | 1360.1
       Dungeon |  85.9 |  85.8 |   N/A | 100.0 |  98.9 | 1494.4
       Ossuary |  14.1 |  14.2 |   N/A |   0.0 |   1.1 | 151.0
               +-------+-------+-------+-------+-------+----------------------

Table legend: (Time is in decaauts)
 A = Elapsed time spent in this place.
 B = Non-inter-level travel time spent in this place.
 C = Inter-level travel time spent in this place.
 D = Time resting spent in this place.
 E = Time spent auto-exploring this place.
 F = Levels seen in this place.
 G = Mean time per level.
                   A        B        C        D        E       F      G
               +--------+--------+--------+--------+--------+-----+--------+
         Total |   8373 |   8117 |    256 |   1117 |   5192 |  10 |  837.3 |
       Dungeon |   8198 |   7942 |    256 |   1117 |   5089 |   9 |  910.9 |
       Ossuary |    175 |    175 |      0 |      0 |    103 |   1 |  175.0 |
               +--------+--------+--------+--------+--------+-----+--------+

Top non-repeatable levels by time:
     D:8: 1481 daAuts
     D:7: 1325 daAuts
     D:5: 1183 daAuts
     D:2: 944 daAuts
     D:4: 898 daAuts
     D:6: 772 daAuts
     D:1: 765 daAuts
     D:3: 704 daAuts
 Ossuary: 175 daAuts
     D:9: 123 daAuts
